 Dungeon Crawl Stone Soup version 0.24-a0-317-g5cb8de4 (webtiles) character file.

Game seed: 12019586219522528498

154 Borgoz the Slasher (level 5, -37/45 HPs)
             Began as a Hill Orc Gladiator on May 16, 2019.
             Killed from afar by Grinder (39 damage)
             ... with an exploding inner flame
             ... hexed by the player character
             ... on level 3 of the Dungeon.
             The game lasted 00:04:29 (1950 turns).

Borgoz the Slasher (Hill Orc Gladiator)             Turns: 1950, Time: 00:04:30

Health: -37/45     AC:  4    Str: 14 (17) XL:     5   Next: 36%
Magic:  5/5        EV: 12    Int:  5 (8)  God:
Gold:   82         SH:  0    Dex: 10 (13) Spells: 4/4 levels left

rFire    . . .     SeeInvis .   a - +0 long sword
rCold    + . .     Gourm    .   (no shield)
rNeg     . . .     Faith    .   b - +0 leather armour
rPois    .         Spirit   .   c - +0 helmet
rElec    .         Reflect  .   (no cloak)
rCorr    .         Harm     .   (no gloves)
MR       +....                  (no boots)
Stlth    +.........             (no amulet)
HPRegen  0.15/turn              k - ring of protection from cold
MPRegen  0.09/turn              l - ring of protection from magic

@: no status effects
A: no striking features
a: no special abilities


You were on level 3 of the Dungeon.
You were not hungry.

You visited 1 branch of the dungeon, and saw 3 of its levels.

You collected 82 gold pieces.

Inventory:

Hand Weapons
 a - a +0 long sword (weapon)
 n - a +1 dagger of flaming
Missiles
 r - 3 throwing nets (quivered)
Armour
 b - a +0 leather armour (worn)
 c - a +0 helmet (worn)
Jewellery
 d - an uncursed ring of stealth
 k - a ring of protection from cold (left hand)
 l - a ring of protection from magic (right hand)
Scrolls
 g - a scroll of random uselessness {unknown}
 i - a scroll of teleportation {unknown}
 j - a scroll of fear {unknown}
 o - a scroll of identify {unknown}
 p - 3 scrolls of remove curse {unknown}
Comestibles
 f - 6 rations
 m - 2 chunks of flesh


   Skills:
 + Level 3.4 Fighting
 * Level 4.5 Long Blades
 - Level 1.7 Throwing
 + Level 1.9 Armour
 * Level 3.4 Dodging


You had 4 spell levels left.
You didn't know any spells.
Your spell library was empty.

Dungeon Overview and Level Annotations

Branches:
Dungeon (3/15)

Altars:
Gozag
Nemelex Xobeh
Wu Jian


Message History

Grinder closely misses you.
You riposte.
You hit Grinder.
Grinder is almost dead.
Grinder gestures at you.
You suddenly lose the ability to move!
Grinder hits you.
* * * LOW HITPOINT WARNING * * *
You writhe in agony.
* * * LOW HITPOINT WARNING * * *
You can move again.
Unknown command.
You barely miss Grinder.
Grinder is almost dead.
Grinder says, "You look like you could use a good racking."
Grinder gestures at you. You resist with some effort.
You slash Grinder!
Grinder explodes!
The fiery explosion engulfs you!!!
Ouch! That really hurt!
You die...

#########
#.......#
#.#####.#
#####.# #.#
#.....# #.#
#.###.#
#.####### #.#
#.#####§...?..#
#.#
#....@§§#####.#
##.###########
#<.#
#.>........
#..#
###..########
#..# #....#
#†.# #.#.##
#.....# #.#.#
...$...# #.#.#
...........
#####.#.#####.
##.##.....###


There were no monsters in sight!

Vanquished Creatures
  A wyvern zombie (D:2)
  2 adders (D:2)
  An ooze (D:2)
  A dart slug (D:1)
  6 leopard geckos
  2 giant cockroaches
  7 goblins
  4 hobgoblins (D:1)
  7 jackals (D:1)
  7 kobolds
  5 ball pythons
  8 bats
  7 frilled lizards
  12 rats
  A plant (D:2)
71 creatures vanquished.

Vanquished Creatures (others)
  4 plants (D:2)
4 creatures vanquished.

Grand Total: 75 creatures vanquished

Notes
Turn   | Place    | Note
-------+----------+-------------------------------------------
     0 | D:1      | Borgoz the Hill Orc Gladiator began the quest for the Orb.
     0 | D:1      | Reached XP level 1. HP: 18/18 MP: 1/1
    94 | D:1      | Reached XP level 2. HP: 15/25 MP: 2/2
   535 | D:1      | Reached XP level 3. HP: 30/30 MP: 3/3
   576 | D:1      | Reached skill level 1 in Armour
   956 | D:2      | Reached skill level 4 in Long Blades
   956 | D:2      | Reached XP level 4. HP: 28/38 MP: 4/4
   960 | D:2      | Found an ornate altar of the Wu Jian Council.
  1070 | D:2      | Reached XP level 5. HP: 16/45 MP: 5/5
  1224 | D:2      | Found a sparkling altar of Nemelex Xobeh.
  1225 | D:2      | Found an opulent altar of Gozag.
  1904 | D:3      | Noticed Grinder
  1947 | D:3      | Paralysed by Grinder for 2 turns
  1948 | D:3      | HP: 2/45 [Grinder (3)]
  1950 | D:3      | Killed Grinder
  1950 | D:3      | Killed from afar by Grinder

Levels and vault maps discovered:
D:1:      mrwooster_arrival_statue_3, layout_rooms, minmay_unequal
D:2:      layout_rooms, overflow_temple_1_default,
          grunt_temple_overflow_opulence, serial_bayou_lagoon_a,
          minmay_shallow_snake_nest
D:3:      layout_loops_ring, first_ration, makhleb_blood_cavern_becter,
          uniq_grinder

Skill      XL: |  1  2  3 |
---------------+----------+-----
Armour         | 1 |  1.9
Fighting       | 3 |  3.4
Dodging        | 3 |  3.4
Long Blades    | 4 |  4.5
Throwing       | |  1.7

Action                   |  1- 3 |  4- 6 || total
-------------------------+-------+-------++-------
Melee: Long sword        |   124 |   121 ||   245
Throw: Throwing net      |       |     3 ||     3
  Use: Scroll            |     1 |     1 ||     2
       Potion            |       |     4 ||     4
 Stab: Sleeping          |     1 |       ||     1
       Held in net/web   |       |     2 ||     2
  Eat: Chunk             |       |     4 ||     4
Armor: Leather armour    |    45 |    26 ||    71
Dodge: Dodged            |   112 |    79 ||   191
       Rpst.: Long sword |    37 |    21 ||    58

Table legend:
 A = Non-vault XP
 B = Vault XP
 C = Vault XP percentage of total XP
 D = Non-vault monster count
 E = Vault monster count
 F = Vault count percentage of total count
                 A         B        C        D         E       F
            +---------+---------+-------+---------+---------+-------
      Total |     200 |      21 |   9.5 |      63 |       7 |  10.0
            +---------+---------+-------+---------+---------+-------
        D:1 |      50 |       3 |   5.7 |      30 |       2 |   6.2
        D:2 |     132 |      18 |  12.0 |      24 |       5 |  17.2
        D:3 |      18 |       0 |   0.0 |       9 |       0 |   0.0
            +---------+---------+-------+---------+---------+-------
